 Dungeon Crawl Stone Soup version 0.30-a0-881-g1ff12e1e11 (webtiles) character file.

Game seed: 13994832995641531396

3415 elagabalus the Cleaver (level 10, 76/76 (78) HPs)
             Began as a Hill Orc Berserker on Mar 14, 2023.
             Was an Elder of Trog.
             Quit the game on level 8 of the Dungeon.
             The game lasted 00:40:14 (5356 turns).

elagabalus the Cleaver (Hill Orc Berserker)         Turns: 5356, Time: 00:40:15

HP:   76/76 (78)    AC: 20    Str: 25    XL:     10   Next: 5%
MP:   10/10         EV:  7    Int:  7    God:    Trog [****..]
Gold: 533           SH:  8    Dex: 10    Spells: 9/9 levels left

rFire   + . .      SeeInvis .    F - +2 hand axe (heavy)
rCold   x . .      Faith    .    y - +3 buckler
rNeg    . . .      Spirit   .    H - +1 plate armour
rPois   +          Reflect  .    (no helmet)
rElec   .          Rampage  .    r - +2 cloak
rCorr   .                        (no gloves)
Will    .....                    n - +2 pair of boots Stlth
                                 (no amulet)
HPRegen 0.32/turn                u - ring of fire
MPRegen 0.12/turn                A - ring of poison resistance

@: lightly drained
A: no striking features
a: Renounce Religion, Berserk, Trog's Hand, Brothers in Arms


You were on level 8 of the Dungeon.
You worshipped Trog.
Trog was greatly pleased with you.
You visited 2 branches of the dungeon, and saw 9 of its levels.

You collected 533 gold pieces.

Inventory:

Hand Weapons
 E - a +2 battleaxe
 F - a +2 heavy hand axe (weapon)
Missiles
 c - 7 curare-tipped darts (quivered)
 B - 2 throwing nets
 G - 3 poisoned darts
Armour
 n - a +2 pair of boots (worn)
 r - a +2 cloak (worn)
 y - a +3 buckler (worn)
 H - a +1 plate armour (worn)
Jewellery
 f - a +6 ring of intelligence
 g - the dreamshard necklace {*Dream Drain}
   (You found it on level 3 of the Dungeon)

   [amulet of nothing]

   *Dream:    It shatters if its wearer takes lethal or near-lethal damage,
   preventing the blow and releasing protective dreams that heal and fight for
   the wearer.
   Drain:     It drains your maximum health when unequipped.
 u - a ring of fire (left hand)
 A - a ring of poison resistance (right hand)
Wands
 k - a wand of roots (3)
 m - a wand of digging (4)
 o - a wand of charming (6)
 w - a wand of quicksilver (13)
Scrolls
 p - 3 scrolls of teleportation
 v - 3 scrolls of fog
 x - a scroll of poison
 z - a scroll of enchant weapon
 C - a scroll of blinking
 D - a scroll of vulnerability {unknown}
 I - a scroll of immolation
Potions
 a - a potion of resistance {unknown}
 b - a potion of brilliance
 d - 4 potions of heal wounds
 e - 2 potions of mutation {unknown}
 h - 2 potions of magic
 i - 2 potions of curing {unknown}
 j - 3 potions of lignification
 l - a potion of flight {unknown}
 q - a potion of attraction {unknown}
 s - 2 potions of cancellation {unknown}
 t - 2 potions of haste


   Skills:
 - Level 4.0 Fighting
 - Level 14.0 Axes
 * Level 6.5 Armour
 - Level 2.0 Dodging
 - Level 7.4 Shields


You had 9 spell levels left.
You didn't know any spells.
Your spell library was empty.

Dungeon Overview and Level Annotations

Branches:
Dungeon (8/15)             Temple (1/1) D:4
   Lair: D:8-11

Altars:
Ashenzari
Dithmenos
Gozag
Makhleb
Nemelex Xobeh
Okawaru
Vehumet
Wu Jian
Zin

Shops:
D:2 (   D:5 =


Message History

The wight is moderately damaged.
The wight hits you but does no damage.
The wight hits you with a +2 hand axe of freezing.
You feel drained. The wight freezes you.
The wight hits you with a +0 short sword.
You feel drained.
You slash the wight!
You destroy the wight!
Trog accepts your kill.
You barely miss the wight. You block the wight's attack.
The wight hits you but does no damage.
Things that are here:
a +0 short sword; a +0 robe; a scroll labelled GIECYNTE SUGHULU The wight hits you but does no damage.
The wight hits you with a +2 hand axe of freezing.
You feel drained. The wight freezes you.
You closely miss the wight.
The wight hits you with a +2 hand axe of freezing!
The wight freezes you.
You slice the wight!!
You destroy the wight!
Trog accepts your kill.
Things that are here:
a +2 hand axe of freezing; a +0 robe
Things that are here:
a +2 hand axe of freezing; a +0 robe You feel yourself speed up.
You recover from your berserk rage.
D - a scroll labelled GIECYNTE SUGHULU
Things that are here:
a +0 short sword; a +0 robe You now have 524 gold pieces (gained 49).
Things that are here:
a +0 flail; a +0 robe You now have 533 gold pieces (gained 9).
Things that are here:
a +2 battleaxe; a +0 chain mail; a scroll of immolation
E - a +2 battleaxe;
I - a scroll of immolation You can't wield that with only one hand.
Are you sure you want to abandon this character and quit the game? (Confirm with "yes".)

#..:##......#
#..........##
#.......>..#
######.....# # #..##.#
.# #####.## .# #......#
.#
#......###+#######'####
#..##....@.............
##..##.........)........
#....'.....[)..)........
#....#..###+#######'####
#....#..# .# #....#.##
.# ##..#### .# #..##.# #
######...#.#


There were no monsters in sight!

Vanquished Creatures
  A hornet (D:7)
  Grinder (D:3)
  Sigmund (D:2)
  Eustachio (D:6)
  Grum (D:8)
  A steam dragon (D:7)
  Duvessa (D:6)
  A water moccasin (D:5)
  A sky beast (D:7)
  3 black bears
  An orc warrior (D:7)
  4 wolves (D:8)
  A centaur (D:7)
  A kobold brigand (D:7)
  2 bullfrogs
  2 scorpions
  4 wights (D:8)
  Dowan (D:6)
  5 orc priests
  3 jellies
  Crazy Yiuf (D:2)
  A gnoll bouda (D:6)
  3 sleepcaps
  Jessica (D:3)
  4 iguanas
  Terence (D:3)
  2 orc wizards
  3 gnolls (D:6)
  6 adders
  A shadow imp (D:6)
  4 ufetubi
  3 worms
  4 dart slugs
  26 orcs
  8 ball pythons
  8 endoplasms
  6 giant cockroaches
  7 goblins
  4 hobgoblins
  8 jackals
  8 kobolds
  6 quokkas
  7 bats
  4 frilled lizards
  6 rats
168 creatures vanquished.

Vanquished Creatures (others)
  2 plants (D:2)
2 creatures vanquished.

Grand Total: 170 creatures vanquished

Notes
Turn   | Place    | Note
-------+----------+-------------------------------------------
     0 | D:1      | elagabalus the Hill Orc Berserker began the quest for the
                  | Orb.
     0 | D:1      | Reached XP level 1. HP: 19/19 MP: 1/1
   104 | D:1      | Reached XP level 2. HP: 27/27 MP: 2/2
   255 | D:1      | Reached XP level 3. HP: 30/33 MP: 3/3
   542 | D:2      | Reached skill level 5 in Axes
   548 | D:2      | Reached ** piety under Trog
   613 | D:2      | Reached XP level 4. HP: 31/40 MP: 4/4
   664 | D:2      | Noticed Sigmund
   675 | D:2      | Killed Sigmund
   676 | D:2      | Reached skill level 7 in Axes
   676 | D:2      | Reached XP level 5. HP: 46/46 MP: 5/5
  1059 | D:2      | Found a runed translucent door.
  1060 | D:2      | Noticed Crazy Yiuf
  1066 | D:2      | Killed Crazy Yiuf
  1067 | D:2      | Reached skill level 8 in Axes
  1067 | D:2      | Reached XP level 6. HP: 52/52 MP: 6/6
  1151 | D:2      | Found Cell's Weapon Shop.
  1517 | D:3      | Noticed Jessica
  1522 | D:3      | Killed Jessica
  1534 | D:3      | Reached skill level 9 in Axes
  1602 | D:3      | Found the dreamshard necklace {*Dream Drain}
  1851 | D:3      | Noticed Grinder
  1852 | D:3      | Noticed Terence
  1862 | D:3      | Killed Terence
  1863 | D:3      | Reached XP level 7. HP: 59/59 MP: 7/7
  1869 | D:3      | Killed Grinder
  1870 | D:3      | Reached skill level 10 in Axes
  2199 | D:3      | Found a broken altar of Ashenzari.
  2248 | D:4      | Reached *** piety under Trog
  2294 | D:5      | Entered Level 5 of the Dungeon
  2341 | D:4      | Found a staircase to the Ecumenical Temple.
  2353 | Temple   | Entered the Ecumenical Temple
  2537 | D:4      | Reached skill level 11 in Axes
  3158 | D:5      | Reached XP level 8. HP: 42/66 MP: 8/8
  3208 | D:5      | Reached skill level 12 in Axes
  3289 | D:5      | Found Ozxypuhy's Jewellery Shoppe.
  3617 | D:6      | Noticed Eustachio
  3627 | D:6      | Killed Eustachio
  3628 | D:6      | Reached skill level 13 in Axes
  3808 | D:6      | Noticed Dowan
  3813 | D:6      | Noticed Duvessa
  3826 | D:6      | Killed Dowan
  3827 | D:6      | Reached skill level 14 in Axes
  3830 | D:6      | Killed Duvessa
  4183 | D:7      | Reached XP level 9. HP: 65/71 MP: 9/9
  4337 | D:7      | Reached skill level 5 in Shields
  4386 | D:7      | Noticed a hornet
  4407 | D:7      | Paralysed by a hornet for 2 turns
  4413 | D:7      | Killed a hornet
  4460 | D:7      | Reached **** piety under Trog
  5015 | D:8      | Noticed Grum
  5041 | D:8      | Killed Grum
  5042 | D:8      | Reached skill level 5 in Armour
  5265 | D:8      | Reached XP level 10. HP: 78/78 MP: 10/10
  5356 | D:8      | Quit the game

Illustrated notes

Levels and vault maps discovered:
D:1:      psy_arrival_whirlpool, layout_rooms, minmay_misc_feat_rows,
          hangedman_decor_points
D:2:      layout_basic, serial_shops, nicolae_shop_bloodbath_and_beyond,
          minmay_shallow_snake_nest, uniq_crazy_yiuf_cottage, uniq_sigmund
D:3:      layout_basic, ashenzari_altar_1, kennysheep_generic_room_16,
          uniq_terence, uniq_grinder, uniq_jessica
D:4:      layout_loops_ring, minmay_temple_entry_offerings
D:5:      layout_basic, serial_shops, nicolae_shop_behind_doors
D:6:      layout_cave_pools, uniq_duvessa, uniq_eustachio
D:7:      layout_loops_ring, minmay_bent
D:8:      kennysheep_six_static_rooms, layout_gridville,
          lemuel_coloured_pillars_altar, minitemple, uniq_psyche, uniq_grum
Temple:   nicolae_temple_x_marks_the_god

Skill      XL: |  1  2  3  4  5  6  7  8  9 |
---------------+----------------------------+-----
Fighting       | 4 |  4.0
Dodging        | 2 |  2.0
Axes           | 5 7 8 9 11 14 | 14.0
Shields        | 3 7 |  7.4
Armour         | 6 |  6.5

Action                     |  1- 3 |  4- 6 |  7- 9 | 10-12 || total
---------------------------+-------+-------+-------+-------++-------
  Melee: Hand axe          |    92 |   120 |   356 |    11 ||   579
         Punch             |       |     5 |     2 |       ||     7
 Invoke: Berserk           |       |     5 |    11 |       ||    16
         Trog's Hand       |       |       |     2 |       ||     2
    Use: Scroll            |       |     7 |    13 |       ||    20
         Potion            |       |       |     2 |       ||     2
 Armour: Scale mail        |    53 |    62 |    67 |       ||   182
         Leather armour    |       |       |    35 |       ||    35
         Plate armour      |       |       |    20 |     3 ||    23
  Dodge: Dodged            |    70 |    56 |   122 |       ||   248
  Block: Buckler           |       |       |    42 |     5 ||    47

Table legend: (Time is in decaauts)
 A = Elapsed time spent in this place.
 B = Non-inter-level travel time spent in this place.
 C = Inter-level travel time spent in this place.
 D = Time resting spent in this place.
 E = Time spent auto-exploring this place.
 F = Levels seen in this place.
 G = Mean time per level.
                   A        B        C        D        E       F      G
               +--------+--------+--------+--------+--------+-----+--------+
         Total |   5373 |   1446 |   3927 |      0 |     67 |   9 |  597.0 |
       Dungeon |   5371 |   1444 |   3927 |      0 |     67 |   8 |  671.4 |
        Temple |      1 |      1 |      0 |      0 |      0 |   1 |    1.0 |
               +--------+--------+--------+--------+--------+-----+--------+

Top non-repeatable levels by time:
     D:2: 959 daAuts
     D:3: 782 daAuts
     D:7: 712 daAuts
     D:4: 697 daAuts
     D:5: 622 daAuts
     D:6: 572 daAuts
     D:1: 543 daAuts
     D:8: 481 daAuts
  Temple: 1 daAuts
